 Dungeon Crawl Stone Soup version 0.29-a0-380-gf50f0a9fbc (webtiles) character file.

Game seed: 5448485994113296979

115 Antichthon the Skirmisher (level 5, -5/42 HPs)
             Began as a Formicid Abyssal Knight on May 5, 2022.
             Was a Priest of Lugonu.
             Slain by an iguana (8 damage)
             ... on level 4 of the Dungeon.
             The game lasted 00:03:35 (3431 turns).

Antichthon the Skirmisher (Formicid Abyssal Knight) Turns: 3431, Time: 00:03:36

Health: -5/42      AC: 10    Str: 18    XL:     5   Next: 20%
Magic:  6/6        EV:  7    Int:  9    God:    Lugonu [***...]
Gold:   134        SH:  0    Dex: 13    Spells: 4/4 levels left

rFire   . . .      SeeInvis +   a - +2 falchion
rCold   . . .      Faith    .   (no shield)
rNeg    . . .      Spirit   .   h - +0 chain mail
rPois   .          Reflect  .   (helmet unavailable)
rElec   .          Harm     .   d - +0 cloak
rCorr   .          Rampage  .   (no gloves)
Will    .....                   (no boots)
Stlth   ..........              i - amulet of magic regeneration
HPRegen 0.14/turn               (no ring)
MPRegen 0.50/turn               (no ring)

@: no status effects
A: permanent stasis, dig shafts and tunnels, antennae 3, four strong arms
a: Dig, Shaft Self, Renounce Religion, Depart the Abyss, Bend Space, Banish


You were on level 4 of the Dungeon.
You worshipped Lugonu.
Lugonu was most pleased with you.
You visited 1 branch of the dungeon, and saw 4 of its levels.
You visited the Abyss 1 time.

You collected 134 gold pieces.

Inventory:

Hand Weapons
 a - a +2 falchion (weapon)
Armour
 d - a +0 cloak (worn)
 h - a +0 chain mail (worn)
Jewellery
 i - an amulet of magic regeneration (around neck)
Potions
 c - a potion of flight
 e - 2 potions of ambrosia
 g - 2 potions of might


   Skills:
 * Level 4.1 Fighting
 * Level 2.7 Long Blades
 * Level 0.6 Crossbows
 * Level 2.6 Armour
 * Level 1.3 Dodging
 * Level 1.2 Stealth
 * Level 1.3 Shields
 * Level 2.6 Invocations
 * Level 1.1 Evocations


You had 4 spell levels left.
You didn't know any spells.
Your spell library was empty.

Dungeon Overview and Level Annotations

Branches:
Dungeon (4/15)
 Temple: D:4-7

Altars:


Innate Abilities, Weirdness & Mutations

You cannot be hasted, slowed, berserked, paralysed or teleported.
You can dig through walls and to a lower floor.
You have a pair of large antennae on your head. (SInv)
Your four strong arms can wield two-handed weapons with a shield.


Message History

You hit the iguana.
The iguana is moderately wounded.
The iguana bites you but does no damage.
You slash the iguana!
The iguana is severely wounded.
The iguana bites you but does no damage.
You hit the iguana but do no damage.
The iguana is severely wounded.
The iguana bites you. x2
You hit the iguana.
The iguana is severely wounded.
The iguana bites you!
* * * LOW HITPOINT WARNING * * *
You hit the iguana. Your punch misses the iguana.
The iguana is almost dead.
The iguana bites you.
* * * LOW HITPOINT WARNING * * *
Unknown command.
You closely miss the iguana.
The iguana is almost dead.
The iguana barely misses you.
Unknown command.
You closely miss the iguana.
The iguana is almost dead.
The iguana hisses menacingly.
The iguana bites you but does no damage.
You hit the iguana but do no damage.
The iguana is almost dead.
The iguana barely misses you.
You hit the iguana but do no damage.
The iguana is almost dead.
The iguana bites you.
* * * LOW HITPOINT WARNING * * *
The iguana bites you but does no damage.
Okay, then.
You hit the iguana but do no damage.
The iguana is almost dead.
The iguana hisses menacingly.
The iguana bites you!
You die...

... ...# .. ..
...##.. #..##.......
...##...........
..#..#.........
!........(.....
##....(..l........
#.. ##.###@.......
#..##..##..#......
#...........##....
#...........# #..
###.......###..# .
#.......####.....#
##..................
...........#........
#.........## ......


You could see an iguana.

Vanquished Creatures
  An iguana (D:3)
  A gnoll (D:1)
  2 adders (D:2)
  A worm (D:3)
  2 dart slugs
  2 orcs (D:3)
  3 ball pythons
  4 bats
  3 endoplasms
  3 giant cockroaches
  6 goblins
  4 hobgoblins
  4 jackals (D:2)
  5 kobolds
  2 quokkas
  3 frilled lizards
  4 rats
50 creatures vanquished.

Notes
Turn   | Place    | Note
-------+----------+-------------------------------------------
     0 | Abyss:1  | Antichthon the Formicid Abyssal Knight began the quest for
                  | the Orb.
     0 | Abyss:1  | Reached XP level 1. HP: 18/18 MP: 2/2
     5 | Abyss:1  | Found a corrupted altar of Lugonu.
    37 | Abyss:1  | Found a radiant altar of Vehumet.
    58 | Abyss:1  | Noticed a will-o-the-wisp
    59 | D:1      | Escaped the Abyss
   471 | D:1      | Reached XP level 2. HP: 20/24 MP: 3/3
   556 | D:1      | Reached ** piety under Lugonu
   771 | D:1      | Reached skill level 1 in Dodging
   926 | D:1      | Reached XP level 3. HP: 28/30 MP: 4/4
  1791 | D:2      | Reached XP level 4. HP: 30/37 MP: 5/5
  1794 | D:2      | Reached skill level 4 in Fighting
  1982 | D:2      | Reached skill level 1 in Stealth
  1982 | D:2      | Reached skill level 1 in Shields
  2020 | D:2      | Found a faded altar of an unknown god.
  2504 | D:3      | Reached skill level 1 in Evocations
  2881 | D:3      | Reached XP level 5. HP: 14/42 MP: 6/6
  3164 | D:3      | Reached *** piety under Lugonu
  3431 | D:4      | Slain by an iguana

Illustrated notes

Levels and vault maps discovered:
D:1:      dpeg_arrival_rooms_a, layout_basic, minivault_24,
          minmay_misc_feat_ornament, minmay_pentomino_q2
D:2:      layout_rooms, hellmonk_ecumenical_altar_run_dry
D:3:      layout_loops_ring
D:4:      layout_cave_pools, minmay_fractal_squares_gapless_5

Skill      XL: |  1  2  3  4 |
---------------+-------------+-----
Dodging        | 1 |  1.3
Fighting       | 4 |  4.1
Stealth        | 1 |  1.2
Shields        | 1 |  1.3
Evocations     | 1 |  1.1
Long Blades    | |  2.7
Crossbows      | |  0.6
Armour         | |  2.6
Invocations    | |  2.6

Action                   |  1- 3 |  4- 6 || total
-------------------------+-------+-------++-------
Melee: Falchion          |   113 |    81 ||   194
       Punch             |     1 |       ||     1
Invok: Depart the Abyss  |     1 |       ||     1
  Use: Scroll            |     3 |     5 ||     8
Armor: Leather armour    |    45 |       ||    45
       Chain mail        |    15 |    48 ||    63
Dodge: Dodged            |    97 |    29 ||   126

Table legend: (Time is in decaauts)
 A = Elapsed time spent in this place.
 B = Non-inter-level travel time spent in this place.
 C = Inter-level travel time spent in this place.
 D = Time resting spent in this place.
 E = Time spent auto-exploring this place.
 F = Levels seen in this place.
 G = Mean time per level.
                   A        B        C        D        E       F      G
               +--------+--------+--------+--------+--------+-----+--------+
         Total |   3466 |   3427 |     39 |    203 |   2654 |   5 |  693.2 |
       Dungeon |   3407 |   3368 |     39 |    203 |   2598 |   4 |  851.8 |
         Abyss |     59 |     59 |      0 |      0 |     56 |   1 |   59.0 |
               +--------+--------+--------+--------+--------+-----+--------+

Top non-repeatable levels by time:
     D:1: 1601 daAuts
     D:3: 895 daAuts
     D:2: 843 daAuts
     D:4: 66 daAuts
 Abyss:1: 59 daAuts
